 Dungeon Crawl Stone Soup version 0.32-a0-30-gefbe487952 (webtiles) character file.

Game seed: 160812694226223601

177666 ihaveworms the Severer (level 18, -4/144 (149) HPs)
             Began as a Formicid Fighter on Jan 19, 2024.
             Was the Champion of Qazlal.
             Slain by a pharaoh ant (26 damage)
             ... on level 4 of the Spider Nest.
             The game lasted 00:32:00 (24268 turns).

ihaveworms the Severer (Formicid Fighter)          Turns: 24268, Time: 00:32:01

HP:   -4/144 (149)  AC: 26    Str: 34    XL:     18   Next: 84%
MP:   16/29         EV:  8    Int:  9    God:    Qazlal [******]
Gold: 2504          SH: 29    Dex: 19    Spells: 17/17 levels left

rFire   . . .        H - +4 battleaxe
rCold   . . .        B - +0 tower shield
rNeg    . . .        Q - +4 plate armour {rPois}
rPois   +            (helmet unavailable)
rElec   +            y - scarf "Tesualav" {harm, rCorr Slay+5}
rCorr   +            c - +1 pair of gloves
SInv    +            q - +1 pair of boots
Will    +....        f - amulet of regeneration Stlth
                     e - ring "Etuck" {rElec Dex+6 Slay+3}
HPRegen 1.24/turn    F - +6 ring of strength
MPRegen 0.21/turn

%: harm (+30% outgoing, +20% incoming), repel missiles
@: lightly drained
A: permanent stasis, dig shafts and tunnels, antennae 3, four strong arms
a: Dig, Shaft Self, Renounce Religion, Upheaval, Elemental Force, Disaster Area


You were on level 4 of the Spider Nest.
You worshipped Qazlal.
Qazlal was exalted by your worship.
You visited 5 branches of the dungeon, and saw 27 of its levels.
You also visited: Bailey and Gauntlet.

You collected 2504 gold pieces.

Inventory:

Hand Weapons
 H - a +4 battleaxe (weapon)
Missiles
 E - 7 silver javelins
Armour
 c - a +1 pair of gloves (worn)
 q - a +1 pair of boots (worn)
 y - the scarf "Tesualav" (worn) {harm, rCorr Slay+5}
   (You found it on level 9 of the Dungeon)

   Slay+5:    It affects your accuracy & damage with ranged weapons and melee
   (+5).
   rCorr:     It protects you from acid and corrosion.
 B - a +0 tower shield (worn)
 Q - a +4 plate armour of poison resistance (worn)
Jewellery
 e - the ring "Etuck" (left hand) {rElec Dex+6 Slay+3}
   (You acquired it on level 1 of the Dungeon)

   [ring of dexterity]

   Dex+6:     It affects your dexterity (+6).
   Slay+3:    It affects your accuracy & damage with ranged weapons and melee
   (+3).
   rElec:     It insulates you from electricity.
 f - an amulet of regeneration (around neck)
 i - a ring of protection from cold
 j - a ring of poison resistance
 k - a ring of protection from cold
 w - the ring of the Meager Lemon {^Contam rC+ Int+4 Slay+2}
   (You found it on level 10 of the Dungeon)

   [ring of protection from cold]

   Int+4:     It affects your intelligence (+4).
   Slay+2:    It affects your accuracy & damage with ranged weapons and melee
   (+2).
   rC+:       It protects you from cold.
   ^Contam:   It causes magical contamination when unequipped.
 F - a +6 ring of strength (right hand)
 M - a ring of ice
 U - a ring of flight
Wands
 m - a wand of flame (41)
 o - a wand of mindburst (16) (quivered)
 p - a wand of acid (9)
 A - a wand of digging (9)
 O - a wand of charming (7)
 R - a wand of roots (11)
 V - a wand of polymorph (6)
Scrolls
 a - 4 scrolls of enchant armour
 l - a scroll of fog
 r - 7 scrolls of immolation
 s - 6 scrolls of noise
 v - 12 scrolls of identify
 I - a scroll of fear
 L - a scroll of vulnerability
 N - a scroll of amnesia
 P - a scroll of poison
 T - a scroll of enchant weapon
Potions
 b - 2 potions of mutation
 g - 4 potions of curing
 h - 4 potions of enlightenment
 n - a potion of ambrosia
 t - 3 potions of magic
 u - a potion of cancellation
 x - 7 potions of heal wounds
 z - 2 potions of brilliance
 C - 4 potions of attraction
 D - 3 potions of lignification
 G - 5 potions of might
 S - a potion of invisibility
Miscellaneous
 d - a condenser vane
 J - a phantom mirror
 K - a lightning rod (4/4)


   Skills:
 + Level 15.2 Fighting
 * Level 19.0 Axes
 + Level 15.2 Armour
 + Level 17.4 Shields
 + Level 15.5 Invocations


You had 17 spell levels left.
You didn't know any spells.
Your spell library contained the following spells:

 Spells                   Type           Power      Damage    Failure   Level
 Sting                    Conj/Alch      0%         1d3       97%         1
 Call Imp                 Summ           0%         N/A       99%         2
 Ensorcelled Hibernation  Hex/Ice        0%         N/A       99%         2
 Jinxbite                 Hex            0%         N/A       99%         2
 Mercury Vapours          Alch/Air       0%         N/A       99%         2
 Scorch                   Fire           0%         2d5       99%         2
 Sublimation of Blood     Necr           0%         N/A       99%         2
 Dazzling Flash           Conj/Hex       0%         N/A       100%        3
 Fugue of the Fallen      Necr           0%         N/A       100%        3
 Hailstorm                Conj/Ice       0%         3d5       100%        3
 Mephitic Cloud           Conj/Alch/Air  0%         N/A       100%        3
 Ozocubu's Armour         Ice            0%         N/A       100%        3
 Summon Ice Beast         Ice/Summ       0%         N/A       100%        3
 Volatile Blastmotes      Fire/Tloc      0%         2d10      100%        3
 Anguish                  Hex/Necr       0%         N/A       100%        4
 Flame Wave               Conj/Fire      0%         2d4       100%        4
 Fulminant Prism          Conj/Alch      0%         3d5       100%        4
 Iskenderun's Mystic Bla  Conj/Tloc      0%         2d3       100%        4
 Manifold Assault         Tloc           0%         N/A       100%        4
 Olgreb's Toxic Radiance  Alch           0%         N/A       100%        4
 Freezing Cloud           Conj/Ice/Air   0%         6-21      100%        5
 Metabolic Englaciation   Hex/Ice        0%         N/A       100%        5
 Yara's Violent Unravell  Hex/Alch       0%         3d3       100%        5
 Sculpt Simulacrum        Ice/Alch       0%         N/A       100%        6
 Starburst                Conj/Fire      0%         6d3       100%        6
 Summon Cactus Giant      Summ           0%         N/A       100%        6
 Enfeeble                 Hex            0%         N/A       100%        7
 Summon Hydra             Summ           0%         N/A       100%        7
 Maxwell's Capacitive Co  Air            0%         ∞         100%        8


Dungeon Overview and Level Annotations

Branches:
Dungeon (15/15)            Temple (1/1) D:6            Lair (5/5) D:8
 Shoals (0/4) Lair:3       Spider (4/4) Lair:3        Slime (0/5) Lair:4
    Orc (2/2) D:10            Elf (0/3) Orc:2        Vaults (0/5) D:14
 Depths (0/4) D:15         Bailey (visited)         Gauntlet (visited)

Altars:
Ashenzari
Dithmenos
Elyvilon
Fedhas
Gozag
Hepliaklqana
Kikubaaqudgha
Makhleb
Nemelex Xobeh
Okawaru
Qazlal
Sif Muna
Trog
Uskayaw
Vehumet
Wu Jian
Xom
Zin
The Shining One
Lugonu

Shops:
D:6 !   D:7 *   D:15 !   Orc:2 [=(!

Portals:
Abyss: Lair:5

Annotations:
D:7 3 transporters, RockinRobin's ghost, novice DsFi


Innate Abilities, Weirdness & Mutations

You cannot be hasted, slowed, berserked, paralysed or teleported.
You can dig through walls and to a lower floor.
You have a pair of large antennae on your head. (SInv)
Your four strong arms can wield two-handed weapons with a shield.


Message History

You kill the orb spider!
Qazlal accepts your kill.
The blast of ice hits the jumping spider!!!
You kill the jumping spider!
The jumping spider's corpse disappears in a puff of smoke!
The cutting wind hits the orb spider!!
The orb spider is almost dead.
The cutting wind hits the steelbarb worm!!
The steelbarb worm is severely wounded.
The cutting wind hits the broodmother!!!
The broodmother is heavily wounded.
The blast of magma engulfs the wolf spider!!!
The wolf spider is almost dead.
The cutting wind hits the steelbarb worm!!
You kill the steelbarb worm!
Qazlal accepts your kill.
The cutting wind hits the pharaoh ant!
The pharaoh ant is heavily damaged.
You feel very sick. You block the wolf spider's attack.
The wolf spider closely misses you.
The orb spider is engulfed in a thunderstorm.
You kill the orb spider!
Qazlal accepts your kill.
The broodmother summons a spider!
The pharaoh ant bites you!
* * * LOW HITPOINT WARNING * * *
You feel drained.
* * * LOW HITPOINT WARNING * * *
You block the wolf spider's attack. x2
Activating: Elemental Force (0% risk of failure)
Press: ? - help, Dir - look around, f - activate Clouds arounds you coalesce and take form!
You feel very sick. You block the pharaoh ant's attack.
The broodmother bites you!
* * * LOW HITPOINT WARNING * * *
You block the wolf spider's attack. x2
The tarantella touches your fire elemental!
You feel better.
Your air elemental hits the tarantella.
Your air elemental barely misses the pharaoh ant.
The pharaoh ant bites you!!
You die...

.^. .†. #.#, . .. ##.##
^. [..,^##.E.## ...
....##○sEE≈##..^.
.....EEss..≈...~. ...
#B@.≈≈##..# #
#..~##.E○^#^^~# . #
#~..###E###..##.. ##
.##....#§#.^..... .#
.............## .#
##......≈^....# .# .
#.°.....≈.....# .#
###^###....†........^.#
.##
^~#.#^.^...#†#.........


You could see a broodmother, a wolf spider (summoned), a pharaoh ant (ally
target), a tarantella (summoned, ally target), 2 friendly earth elementals, 2
friendly fire elementals and 3 friendly air elementals.

Vanquished Creatures
  Frances (Spider:2)
  2 emperor scorpions
  Louise (Spider:2)
  A ghost moth (Spider:3)
  5 broodmothers
  A spark wasp (Spider:3)
  A minotaur (Gauntlet)
  An ettin (Orc:1)
  Fannar (Lair:3)
  A great orb of eyes (D:15)
  6 entropy weavers
  Erolcha (Orc:1)
  4 radroaches
  5 hydras
  A jorogumo (Spider:3)
  2 catoblepae
  9 centaur warriors
  5 boulder beetles
  A two-headed ogre (D:8)
  3 thrashing horrors (Lair:5)
  3 tengu warriors
  9 death yaks
  2 demonic crawlers (Spider:2)
  Urug (Lair:1)
  An orc high priest (Orc:1)
  12 skeletal warriors
  A storm dragon skeleton (D:15)
  A shadow wraith (D:14)
  A fire crab (D:15)
  Amaemon (Lair:3)
  A large abomination (Lair:5)
  A deep troll (D:14)
  5 pharaoh ants
  3 skysharks
  A mana viper (shapeshifter) (Lair:5)
  12 orb spiders
  A flayed ghost (D:15)
  2 arcanists
  A sun moth (Spider:3)
  4 lindwurms (Lair:2)
  A necromancer (D:15)
  7 orc knights
  7 steelbarb worms
  A deep elf pyromancer (D:15)
  2 orc sorcerers (Orc:2)
  10 ugly things
  25 wolf spiders
  An oklob plant (Lair:2)
  2 moths of wrath (Spider:4)
  11 meliai
  3 manticores
  7 cyclopes
  10 elephants
  An orange demon (Lair:3)
  5 kobold blastminers
  4 black mambas
  A black mamba (shapeshifter) (D:15)
  19 cane toads
  A gargoyle (D:10)
  2 smoke demons (Lair:5)
  15 komodo dragons
  4 torpor snails
  3 rime drakes
  An efreet (D:13)
  Psyche (D:8)
  An unseen horror (D:11)
  4 tengu conjurers
  4 trolls
  3 merfolk (Lair:3)
  A hornet (D:8)
  8 dream sheep
  25 blink frogs
  35 tarantellas
  A raiju (Lair:5)
  A spriggan zombie (D:15)
  23 jumping spiders
  23 culicivoras
  A centaur simulacrum (D:15)
  12 slime creatures
  2 spriggans (Lair:3)
  A vampire (D:6)
  A jumping spider (shapeshifter) (D:13)
  3 shadows
  49 yaks
  8 wyverns
  4 ynoxinuls (Lair:5)
  14 small abominations (Lair:5)
  2 steam dragons
  A yak (shapeshifter) (Lair:5)
  5 basilisks
  3 wargs
  44 redbacks
  11 vampire mosquitoes
  A chaos spawn (Lair:5)
  2 acid dragons
  15 water moccasins
  38 orc warriors
  An ice beast (D:6)
  3 black bears
  5 laughing skulls
  17 centaurs
  5 wolves (Lair:2)
  15 ogres
  3 phantoms
  6 kobold brigands
  13 bullfrogs
  5 scorpions
  13 wights
  6 killer bees (D:7)
  A bombardier beetle (D:4)
  4 howler monkeys
  5 electric eels
  3 hounds
  6 jellies
  13 orc priests
  2 sleepcaps
  Terence (D:3)
  5 gnoll boudas
  12 iguanas
  21 orc wizards
  14 hell rats
  12 gnolls
  A river rat (D:8)
  3 adders
  3 white imps
  78 orcs
  6 ball pythons
  9 endoplasms
  A giant cockroach (D:2)
  11 goblins
  6 hobgoblins
  7 jackals
  3 quokkas
  7 bats
  18 frilled lizards
  19 kobolds
  9 rats
977 creatures vanquished.

Vanquished Creatures (collateral kills)
  Arachne (Spider:2)
  A hydra (Lair:5)
  A skeletal warrior (D:13)
  A jumping spider (Spider:2)
  A redback (Spider:2)
  5 orc warriors (Orc:2)
  An ogre (Orc:2)
  A centaur (Orc:2)
  3 orcs (Orc:2)
15 creatures vanquished.

Vanquished Creatures (others)
  An orc (Orc:2)
  A frilled lizard (Lair:1)
2 creatures vanquished.

Grand Total: 994 creatures vanquished

Notes
Turn   | Place    | Note
-------+----------+-------------------------------------------
     0 | D:1      | ihaveworms the Formicid Fighter began the quest for the
                  | Orb.
     0 | D:1      | Reached XP level 1. HP: 18/18 MP: 1/1
    79 | D:1      | Reached XP level 2. HP: 23/24 MP: 2/2
   324 | D:1      | Reached XP level 3. HP: 27/29 MP: 3/3
   383 | D:1      | Found a faded altar of an unknown god.
   558 | D:1      | Identified a scroll of acquirement
   558 | D:1      | Acquired the ring "Etuck" {rElec Dex+6 Slay+3}
   876 | D:2      | Reached skill level 1 in Invocations
  1057 | D:2      | Reached XP level 4. HP: 37/37 MP: 1/4
  1617 | D:3      | Reached skill level 3 in Axes
  1618 | D:3      | Reached XP level 5. HP: 24/42 MP: 2/6
  1825 | D:3      | Noticed Terence
  1841 | D:3      | Killed Terence
  1877 | D:3      | Identified the +3 trident of the Pits of Slime {speed,
                  | rPois}
  2067 | D:3      | Found a hazy altar of Hepliaklqana.
  2068 | D:3      | Found a faded altar of an unknown god.
  2190 | D:3      | Found a hide-covered altar of Uskayaw.
  2550 | D:4      | Reached XP level 6. HP: 48/48 MP: 7/7
  2562 | D:4      | Reached skill level 5 in Shields
  2666 | D:4      | Reached skill level 4 in Axes
  2893 | D:5      | Entered Level 5 of the Dungeon
  2939 | D:5      | Reached XP level 7. HP: 55/55 MP: 9/9
  3482 | D:5      | Noticed a troll
  3482 | D:5      | Noticed an acid dragon
  3649 | D:5      | Reached skill level 5 in Axes
  3689 | D:5      | Reached skill level 5 in Fighting
  3689 | D:5      | Reached skill level 5 in Armour
  3689 | D:5      | Reached XP level 8. HP: 60/62 MP: 10/10
  3846 | D:5      | Killed a troll
  3965 | D:5      | Reached skill level 6 in Axes
  4031 | D:5      | Found a radiant altar of Vehumet.
  4079 | D:5      | Identified the +3 ring mail of Undesirable Species {-Tele
                  | Harm +Inv rC+}
  4131 | D:5      | Identified the +3 robe of the Ikuchi {Dex+7}
  4304 | D:6      | Reached XP level 9. HP: 42/69 MP: 12/12
  4466 | D:6      | Reached skill level 5 in Invocations
  4553 | D:6      | Reached skill level 7 in Axes
  4681 | D:6      | Found Uczo Civ's Distillery.
  4913 | D:6      | Found a staircase to the Ecumenical Temple.
  4924 | Temple   | Entered the Ecumenical Temple
  5357 | D:7      | Found a transporter.
  5372 | D:7      | Reached XP level 10. HP: 70/77 MP: 14/14
  5383 | D:7      | Found a transporter.
  5456 | D:7      | Reached skill level 8 in Axes
  5516 | D:7      | Noticed RockinRobin's ghost (novice DsFi)
  5517 | D:7      | Found a transporter.
  5517 | D:7      | Identified the +3 giant spiked club of Truncation {heavy,
                  | Will++ rCorr}
  5517 | D:7      | Identified the +7 giant club of Quantum Leap {speed, +Blink
                  | Int+6}
  5517 | D:7      | Noticed a two-headed ogre
  5634 | D:7      | Found Heucef's General Store.
  5669 | D:7      | Found a glowing golden altar of the Shining One.
  5669 | D:7      | Found a glowing silver altar of Zin.
  5669 | D:7      | Found a white marble altar of Elyvilon.
  5911 | D:7      | Found a bloodstained altar of Trog.
  6257 | D:8      | Noticed Psyche
  6276 | D:8      | Killed Psyche
  6540 | D:8      | Noticed a two-headed ogre
  6547 | D:8      | Reached skill level 9 in Axes
  6566 | D:8      | Killed a two-headed ogre
  6648 | D:8      | Reached XP level 11. HP: 53/86 MP: 16/16
  6738 | D:8      | Found a stormy altar of Qazlal.
  6738 | D:8      | Found a blossoming altar of Fedhas.
  6781 | D:8      | Became a worshipper of Qazlal Stormbringer
  6818 | D:8      | Noticed a death yak
  6838 | D:8      | Noticed a death yak
  6839 | D:8      | Noticed a death yak
  6846 | D:8      | Killed a death yak
  6850 | D:8      | Killed a death yak
  6856 | D:8      | Killed a death yak
  6857 | D:8      | Reached skill level 10 in Axes
  6932 | D:8      | Found a staircase to the Lair.
  7172 | D:8      | Reached * piety under Qazlal
  7529 | D:9      | Identified the scarf "Tesualav" {harm, rCorr Slay+5}
  7567 | D:9      | Found an ornate altar of the Wu Jian Council.
  7717 | D:9      | Reached skill level 10 in Shields
  8224 | D:10     | Entered Level 10 of the Dungeon
  8283 | D:10     | Found a flagged portal.
  8299 | Bailey   | Entered a bailey
  8304 | Bailey   | Reached ** piety under Qazlal
  8461 | Bailey   | Noticed an orc knight
  8461 | Bailey   | Noticed an orc knight
  8498 | Bailey   | Killed an orc knight
  8504 | Bailey   | Killed an orc knight
  8597 | Bailey   | Identified the +0 kite shield "Eluudued" {rPois rF+ Str-3
                  | Dex+4}
  8611 | Bailey   | Noticed an orc knight
  8619 | Bailey   | Killed an orc knight
  8925 | D:10     | Identified the ring of the Meager Lemon {^Contam rC+ Int+4
                  | Slay+2}
  9023 | D:10     | Reached XP level 12. HP: 95/95 MP: 18/18
  9058 | D:10     | Identified the +1 helmet of Death Resistance {+Inv Str+3
                  | Dex-3}
  9062 | D:10     | Found a staircase to the Orcish Mines.
  9487 | D:11     | Reached skill level 11 in Axes
  9636 | D:11     | Found a gate leading to a gauntlet.
  9648 | Gauntlet | Entered a Gauntlet
  9648 | Gauntlet | Noticed a tengu warrior
  9648 | Gauntlet | Found a transporter.
  9648 | Gauntlet | Found a runed translucent door.
  9655 | Gauntlet | Found a runed translucent door.
  9657 | Gauntlet | Found a transporter.
  9660 | Gauntlet | Found a transporter.
  9661 | Gauntlet | Found a transporter.
  9669 | Gauntlet | Found a transporter.
  9672 | Gauntlet | Found a transporter.
  9673 | Gauntlet | Found a transporter.
  9676 | Gauntlet | Noticed a death yak
  9677 | Gauntlet | Noticed a death yak
  9678 | Gauntlet | Noticed a death yak
  9685 | Gauntlet | Found a transporter.
  9686 | Gauntlet | Found a transporter.
  9686 | Gauntlet | Found a transporter.
  9692 | Gauntlet | Noticed a dire elephant
  9694 | Gauntlet | Found a transporter.
  9697 | Gauntlet | Found a transporter.
  9698 | Gauntlet | Found a transporter.
  9705 | Gauntlet | Noticed a green death
  9706 | Gauntlet | Found a transporter.
  9807 | Gauntlet | Killed a tengu warrior
  9900 | Gauntlet | Noticed a minotaur
  9909 | Gauntlet | Killed a minotaur
  9926 | Gauntlet | Identified the +1 robe of Unambiguity {rN+}
 10085 | D:11     | Identified the serpent talisman "Baus" {Str+4}
 10336 | D:12     | Noticed a centaur warrior
 10476 | Lair:1   | Entered Level 1 of the Lair of Beasts
 10543 | Lair:1   | Reached *** piety under Qazlal
 10725 | Lair:1   | Noticed Urug
 10744 | Lair:1   | Killed Urug
 10745 | Lair:1   | Reached skill level 12 in Axes
 10946 | Lair:1   | Reached skill level 10 in Armour
 10951 | Lair:1   | Reached XP level 13. HP: 47/103 MP: 20/20
 10956 | Lair:1   | Reached skill level 10 in Fighting
 11041 | Lair:1   | Reached skill level 10 in Invocations
 11057 | Lair:1   | Reached **** piety under Qazlal
 11777 | Lair:2   | Reached skill level 13 in Axes
 12380 | Lair:3   | Found a hole to the Spider Nest.
 12398 | Lair:3   | Noticed a four-headed hydra
 12405 | Lair:3   | Killed a nine-headed hydra
 12513 | Lair:3   | Noticed Fannar
 12525 | Lair:3   | Killed Fannar
 12753 | Lair:3   | Found a glowing silver altar of Zin.
 12787 | Lair:3   | Noticed a catoblepas
 12791 | Lair:3   | Killed a catoblepas
 12794 | Lair:3   | Reached XP level 14. HP: 88/113 MP: 22/22
 12807 | Lair:3   | Noticed Amaemon
 12812 | Lair:3   | Killed Amaemon
 12916 | Lair:3   | Reached skill level 14 in Axes
 13258 | Lair:3   | Found a staircase to the Shoals.
 13454 | Lair:4   | Reached ***** piety under Qazlal
 13528 | Lair:4   | Identified the +3 rapier "Qonnemyw" {freeze, ^Drain rN++
                  | rCorr Int+3}
 13614 | Lair:4   | Found a staircase to the Slime Pits.
 14429 | Lair:5   | Entered Level 5 of the Lair of Beasts
 14569 | Lair:5   | Reached XP level 15. HP: 120/120 MP: 24/24
 14713 | Lair:5   | Reached skill level 15 in Axes
 15046 | Lair:5   | Found a corrupted altar of Lugonu.
 15046 | Lair:5   | Found a one-way gate to the infinite horrors of the Abyss.
 15703 | Orc:1    | Entered Level 1 of the Orcish Mines
 15810 | Orc:1    | Reached ****** piety under Qazlal
 15812 | Orc:1    | Noticed Erolcha
 15818 | Orc:1    | Killed Erolcha
 16186 | Orc:2    | Entered Level 2 of the Orcish Mines
 16371 | Orc:2    | Reached skill level 16 in Axes
 16375 | Orc:2    | Reached XP level 16. HP: 61/129 MP: 16/25
 16479 | Orc:2    | Found a staircase to the Elven Halls.
 16825 | Orc:2    | Found Anaef's Jewellery Emporium.
 16825 | Orc:2    | Found Rievij's Antique Weapon Shop.
 16827 | Orc:2    | Found Jiageu's Distillery.
 16829 | Orc:2    | Found Unaotic's Armour Shoppe.
 18288 | D:13     | Reached skill level 15 in Shields
 18491 | D:13     | Identified the +6 scale mail of Noon {rElec rF+ Int-3}
 19637 | D:14     | Found a gate to the Vaults.
 19908 | D:15     | Entered Level 15 of the Dungeon
 20023 | D:15     | Reached skill level 17 in Axes
 20299 | D:15     | Reached XP level 17. HP: 138/138 MP: 27/27
 20303 | D:15     | Found a staircase to the Depths.
 20377 | D:15     | Found Jaxki's Distillery.
 21216 | Spider:1 | Entered Level 1 of the Spider Nest
 21368 | Spider:1 | Identified the +2 cloak "Veyrphoer" {rN+}
 22428 | Spider:2 | Noticed Arachne
 22442 | Spider:2 | Killed Arachne
 22502 | Spider:2 | Reached skill level 18 in Axes
 22606 | Spider:2 | Noticed Frances
 22620 | Spider:2 | Killed Frances
 22821 | Spider:2 | Noticed Louise
 22828 | Spider:2 | Killed Louise
 22853 | Spider:2 | Reached XP level 18. HP: 147/147 MP: 29/29
 23223 | Spider:3 | Reached skill level 15 in Invocations
 23797 | Spider:4 | Entered Level 4 of the Spider Nest
 23948 | Spider:4 | Reached skill level 15 in Armour
 24008 | Spider:4 | Reached skill level 15 in Fighting
 24260 | Spider:4 | Reached skill level 19 in Axes
 24268 | Spider:4 | Slain by a pharaoh ant

Illustrated notes

Levels and vault maps discovered:
D:1:      wheals_arrival_shading, layout_rooms, shapermc_ecumenical_altar_venn
D:2:      layout_basic, roderic_roman_lattice, minmay_misc_feat_plants,
          minmay_tetromino_l4
D:3:      layout_basic, beargit_hepliaklqana_dungeon_heroes,
          general_overflow_altar, guppyfry_early_lair_pool, uniq_terence
D:4:      layout_loops_ring
D:5:      kennysheep_big_flooded_room, layout_basic, nicolae_vehumet_altar_sigil
D:6:      layout_loops_corners, nicolae_overflow_hidden_temple,
          minmay_temple_entry_poolview, serial_shops, shop, kb_rosetta
D:7:      gammafunk_beogh_shrine, layout_basic, dreamdust_divine_triumvirate,
          trog_hazing_becter, gammafunk_ghost_smash, serial_shops,
          shop_fountains
D:8:      kennysheep_seaside_town, layout_basic,
          grunt_temple_overflow_forces_of_nature, dpeg_lair_monsters,
          eino_small_chamber_without_monster, hangedman_abyss_or_decor_stabs,
          moated_statue, minivault_26, dreamdust_gnoll_shepherd, uniq_psyche
D:9:      layout_roguey, mainiacjoe_overflow_24_doors
D:10:     layout_basic, orc_0_dummy, enter_bailey_6
D:11:     layout_big_octagon, gauntlet_entry_generic, serial_column_ruins,
          column_ruins_hut_pillars, column_ruins_open_small,
          column_ruins_columns_straight, column_ruins_open_tiny,
          column_ruins_grid_1, column_ruins_grid_1, column_ruins_open_small
D:12:     layout_layer_cave
D:13:     layout_irregular_city
D:14:     layout_loops_corners, david_vaults_4, special_room [special_room_orc],
          corexii_corridor_pit
D:15:     gammafunk_depths_entry_grave, layout_layer_cave, serial_shops,
          nicolae_shop_just_a_little_nook, serial_park_tiny_pond,
          minmay_fractal_squares_gapless_7
Temple:   nicolae_temple_cloud_nine
Lair:1:   lemuel_reptile_caves, layout_long_grid, uniq_urug
Lair:2:   layout_cellular_growth, minivault_23, chequers_serial_rivers_marsh,
          minmay_lindwurm_lava
Lair:3:   wad_woods_stonehenge, layout_regular_city,
          mainiacjoe_shoals_entry_four_pools, dummy_spider_entry,
          grunt_megastairs_2, uniq_fannar, uniq_amaemon
Lair:4:   layout_layer_cave, nicolae_slime_entry_slimehenge,
          infiniplex_staircase_pool, grunt_megastairs_3
Lair:5:   hellmonk_lair_end_abyssal_woods, layout_loops_ring, grunt_megastairs_4
Spider:1: layout_chambers, hangedman_spider_mandibles, drop_trap
Spider:2: layout_spider_delve, nicolae_spider_webs_and_nodes, uniq_frances,
          uniq_arachne, uniq_louise
Spider:3: layout_spider_delve
Spider:4: hellmonk_spider_rune_endless_swarm
Orc:1:    layout_diamond_mine, uniq_erolcha
Orc:2:    st_orc_rangers, layout_caves, nicolae_orc_sculptors_studio

Skill      XL: |  1  2  3  4  5  6  7  8  9 10 11 12 13 14 15 16 17 18 |
---------------+-------------------------------------------------------+-----
Invocations    | 1 2 3 4 6 7 8 9 11 12 13 14 15 | 15.5
Axes           | 3 4 5 6 7 9 10 12 13 14 16 17 18 19 | 19.0
Armour         | 4 5 6 7 9 10 11 12 13 14 15 | 15.2
Fighting       | 4 5 6 7 9 11 12 13 14 15 | 15.2
Shields        | 5 6 7 9 10 11 12 13 14 15 16 17 | 17.4

Action                     |  1- 3 |  4- 6 |  7- 9 | 10-12 | 13-15 | 16-18 || total
---------------------------+-------+-------+-------+-------+-------+-------++-------
  Melee: War axe           |    58 |       |       |       |       |       ||    58
         Whip              |    30 |    46 |       |       |       |       ||    76
         Trident           |       |    58 |   169 |       |       |       ||   227
         Halberd           |       |       |    60 |   471 |     5 |       ||   536
         Battleaxe         |       |       |       |    24 |   545 |   702 ||  1271
  Throw: Throwing net      |       |       |       |     3 |       |       ||     3
 Invoke: Upheaval          |       |       |       |       |     8 |     1 ||     9
         Elemental Force   |       |       |       |       |     2 |     6 ||     8
         Disaster Area     |       |       |       |       |     2 |     1 ||     3
  Evoke: Wand              |       |       |       |    15 |     8 |       ||    23
    Use: Scroll            |     1 |     6 |     6 |    10 |     6 |     2 ||    31
         Potion            |       |       |     1 |     7 |     3 |     2 ||    13
   Stab: Invisible         |       |       |       |     3 |       |       ||     3
         Held in net/web   |       |       |       |     1 |       |       ||     1
         Distracted        |       |       |       |       |     2 |     2 ||     4
         Paralysed         |       |       |       |       |       |     1 ||     1
 Armour: Scale mail        |    70 |     1 |       |    96 |   268 |     5 ||   440
         Plate armour      |       |    34 |   126 |   215 |       |   236 ||   611
  Dodge: Dodged            |    44 |    10 |    23 |    96 |   140 |    85 ||   398
         Repelled          |       |       |       |       |     4 |       ||     4
  Block: Buckler           |    14 |       |       |       |       |       ||    14
         Kite shield       |    28 |    45 |    93 |   379 |   596 |    65 ||  1206
         Tower shield      |       |       |       |       |       |   934 ||   934

Table legend: (Time is in decaauts)
 A = Elapsed time spent in this place.
 B = Non-inter-level travel time spent in this place.
 C = Inter-level travel time spent in this place.
 D = Time resting spent in this place.
 E = Time spent auto-exploring this place.
 F = Levels seen in this place.
 G = Mean time per level.
                   A        B        C        D        E       F      G
               +--------+--------+--------+--------+--------+-----+--------+
         Total |  24485 |  22761 |   1724 |    100 |  17557 |  29 |  844.3 |
       Dungeon |  13918 |  12715 |   1203 |      0 |  10163 |  15 |  927.9 |
        Temple |      7 |      7 |      0 |      0 |      0 |   1 |    7.0 |
          Lair |   5327 |   5019 |    308 |      0 |   3797 |   5 | 1065.4 |
   Spider Nest |   3026 |   2949 |     77 |      0 |   2203 |   4 |  756.5 |
  Orcish Mines |   1327 |   1192 |    135 |      0 |    939 |   2 |  663.5 |
        Bailey |    532 |    532 |      0 |    100 |    254 |   1 |  532.0 |
      Gauntlet |    345 |    345 |      0 |      0 |    200 |   1 |  345.0 |
               +--------+--------+--------+--------+--------+-----+--------+

Top non-repeatable levels by time:
     D:8: 1462 daAuts
    D:15: 1130 daAuts
    D:12: 1116 daAuts
  Lair:4: 1102 daAuts
  Lair:3: 1097 daAuts
  Lair:5: 1095 daAuts
Spider:1: 1082 daAuts
    D:14: 1042 daAuts
  Lair:2: 1037 daAuts
     D:6: 1003 daAuts
     D:2: 1001 daAuts
  Lair:1: 994 daAuts
     D:7: 951 daAuts
Spider:2: 935 daAuts
     D:5: 901 daAuts
